 Dungeon Crawl Stone Soup version 0.28.0-53-g5a82cb258f (webtiles) character file.

Game seed: 2165846214990083857

55 Kellster1234 the Cudgeller (level 3, 0/33 HPs)
             Began as a Minotaur Berserker on July 18, 2022.
             Was a Follower of Trog.
             Slain by a steam dragon (6 damage)
             ... on level 6 of the Dungeon.
             The game lasted 00:08:53 (661 turns).

Kellster1234 the Cudgeller (Minotaur Berserker)      Turns: 661, Time: 00:08:54

Health: 0/33       AC:  5    Str: 23    XL:     3   Next: 67%
Magic:  2/2        EV: 11    Int:  4    God:    Trog [*.....]
Gold:   70         SH:  0    Dex:  9    Spells: 2/2 levels left

rFire   . . .      SeeInvis .   a - +0 mace
rCold   . . .      Faith    .   (no shield)
rNeg    . . .      Spirit   .   g - +0 ring mail
rPois   .          Reflect  .   (helmet restricted)
rElec   .          Harm     .   (no cloak)
rCorr   .          Rampage  .   (no gloves)
Will    .....                   (no boots)
Stlth   ..........              (no amulet)
HPRegen 0.11/turn               (no ring)
MPRegen 0.08/turn               (no ring)

@: no status effects
A: horns 2, retaliatory headbutt
a: Renounce Religion, Berserk


You were on level 6 of the Dungeon.
You worshipped Trog.
Trog was aware of your devotion.
You visited 1 branch of the dungeon, and saw 4 of its levels.

You collected 70 gold pieces.

Inventory:

Hand Weapons
 a - a +0 mace (weapon)
 c - a +0 hunting sling
 h - a +0 dagger
 m - a +0 short sword
Missiles
 e - 59 stones (quivered)
Armour
 b - a +0 animal skin
 g - a +0 ring mail (worn)
Scrolls
 d - a scroll of identify {unknown}
 i - 2 scrolls of teleportation {unknown}
 n - a scroll of amnesia {unknown}
 o - a scroll of enchant weapon {unknown}
 p - a scroll of holy word {unknown}
Potions
 j - a potion of might {unknown}
 k - a potion of attraction {unknown}
 l - a potion of flight {unknown}


   Skills:
 - Level 3.9 Fighting
 + Level 5.4 Maces & Flails
 - Level 2.5 Armour
 - Level 2.3 Dodging


You had 2 spell levels left.
You didn't know any spells.
Your spell library contained the following spells:

 Spells                   Type           Power      Damage    Failure   Level
 Borgnjor's Revivificati  Necr           0%         N/A       100%        8
 Necromutation            Tmut/Necr      0%         N/A       100%        8
 Death's Door             Necr           0%         N/A       100%        9


Dungeon Overview and Level Annotations

Branches:
Dungeon (3/15)

Altars:


Innate Abilities, Weirdness & Mutations

You have a pair of horns on your head.
You reflexively headbutt those who attack you in melee.


Message History

The hobgoblin shouts!
Things that are here:
a +0 club; 4 stones
Okay, then.
You see here a +0 ring mail.
The hobgoblin hits you.
You hit the hobgoblin. You punch the hobgoblin.
The hobgoblin is almost dead.
The hobgoblin closely misses you.
The hobgoblin hits you but does no damage.
You are too injured to fight recklessly!
You are too injured to fight recklessly!
The hobgoblin barely misses you. You furiously retaliate!
You headbutt the hobgoblin!
You kill the hobgoblin!
Trog accepts your kill.
There is a stone staircase leading up here.
You now have 70 gold pieces (gained 7).
A sourceless malevolence fills the Dungeon...
You fall into a shaft and drop 3 floors!
The shaft crumbles and collapses. 2 steam dragons come into view.
The steam dragon hisses angrily. x2
Found 11 gold pieces.
The steam dragon bites you! The steam dragon barely misses you.
You are too injured to fight recklessly!
You are too injured to fight recklessly!
You are too injured to fight recklessly!
You sock the steam dragon! You headbutt the steam dragon!
The steam dragon is severely wounded.
The steam dragon closely misses you.
The steam dragon claws you but does no damage.
You barely miss the steam dragon.
The steam dragon is severely wounded.
The steam dragon closely misses you. The steam dragon claws you.
* * * LOW HITPOINT WARNING * * *
You hit the steam dragon.
The steam dragon is severely wounded.
The steam dragon bites you.
You die...

#≈ ##§
#≈. #≈.#
#≈..##
#≈...##
#..D≈#
#.@≈#
##D≈#
#....≈#
#....≈##
...$...≈#
#.#...≈≈#
. ##.≈≈##
####


You could see 2 steam dragons.

Vanquished Creatures
  A centaur skeleton (D:3)
  A dart slug (D:1)
  4 ball pythons
  3 bats
  4 endoplasms
  A giant cockroach (D:2)
  2 hobgoblins
  A frilled lizard (D:2)
  4 kobolds
  3 rats
24 creatures vanquished.

Notes
Turn   | Place    | Note
-------+----------+-------------------------------------------
     0 | D:1      | Kellster1234 the Minotaur Berserker began the quest for the
                  | Orb.
     0 | D:1      | Reached XP level 1. HP: 19/19 MP: 0/0
     0 | D:1      | Noticed a merfolk zombie
    16 | D:1      | Noticed a minotaur zombie
   203 | D:1      | Reached XP level 2. HP: 26/27 MP: 1/1
   293 | D:1      | Reached skill level 4 in Maces & Flails
   635 | D:3      | Reached skill level 5 in Maces & Flails
   635 | D:3      | Reached XP level 3. HP: 18/33 MP: 2/2
   657 | D:3      | You fall into a shaft and drop 3 floors!
   657 | D:6      | Noticed a steam dragon
   657 | D:6      | Noticed a steam dragon
   661 | D:6      | Slain by a steam dragon

Illustrated notes

Levels and vault maps discovered:
D:1:      shiori_arrival_whats_in_store_for_you, layout_rooms, serial_rivers,
          chequers_serial_rivers_room_a, chequers_serial_rivers_room_a,
          chequers_serial_rivers_large_b, chequers_serial_rivers_micro_b,
          chequers_serial_rivers_marsh
D:2:      layout_basic, ebering_ecumenical_altar_mist, minivault_27
D:3:      corexii_shack_village, layout_rooms
D:6:      cheibrodos_steamvent, layout_rooms,
          minmay_temple_entry_drinking_statues, uniq_grinder

Skill      XL: |  1  2 |
---------------+-------+-----
Maces & Flails | 5 |  5.4
Fighting       | |  3.9
Armour         | |  2.5
Dodging        | |  2.3

Action                   || total
-------------------------++-------
Melee: Mace              ||    51
       Headbutt          ||     8
       Punch             ||     2
  Use: Scroll            ||     1
Armor: Animal skin       ||     2
       Ring mail         ||    28
Dodge: Dodged            ||    46
